 Dungeon Crawl Stone Soup version 0.31-a0-984-gbfb7dba898 (webtiles) character file.

Game seed: 2941926012107024313

455 Querens the Shield-Bearer (level 7, -6/56 HPs)
             Began as a Formicid Fighter on Nov 3, 2023.
             Killed by divine providence
             ... invoked by an orc priest
              (14 damage)
             ... on level 4 of the Dungeon.
             The game lasted 00:08:22 (2050 turns).

Querens the Shield-Bearer (Formicid Fighter)        Turns: 2050, Time: 00:08:23

Health: -6/56      AC:  9    Str: 22    XL:     7   Next: 26%
Magic:  7/7        EV:  6    Int:  8    God:
Gold:   94         SH:  5    Dex: 13    Spells: 6/6 levels left

rFire   . . .        a - +0 war axe
rCold   . . .        c - +0 buckler
rNeg    . . .        f - +0 plate armour
rPois   .            (helmet unavailable)
rElec   .            r - +0 cloak
rCorr   .            (no gloves)
SInv    +            (no boots)
Will    .....        (no amulet) Stlth
                     (no ring)
HPRegen 0.29/turn    (no ring)
MPRegen 0.10/turn

%: no passive effects
@: mighty, corroded
A: permanent stasis, dig shafts and tunnels, antennae 3, four strong arms
a: Dig, Shaft Self


You were on level 4 of the Dungeon.
You visited 1 branch of the dungeon, and saw 4 of its levels.

You collected 94 gold pieces.

Inventory:

Hand Weapons
 a - a +0 war axe (weapon)
Missiles
 s - a throwing net
Armour
 c - a +0 buckler (worn)
 f - a +0 plate armour (worn)
 r - a +0 cloak (worn)
Talismans
 b - a talisman of death
Wands
 m - a wand of polymorph (8)
Scrolls
 e - 4 scrolls of poison {unknown}
 g - a scroll of silence {unknown}
 h - 3 scrolls of immolation {unknown}
 i - 2 scrolls of vulnerability {unknown}
 j - 2 scrolls of identify {unknown}
 k - 3 scrolls of teleportation {unknown}
 p - a scroll of acquirement {unknown}
Potions
 l - a potion of degeneration {unknown}
 n - 2 potions of attraction {unknown}
 o - a potion of heal wounds {unknown}
 q - 2 potions of invisibility {unknown}


   Skills:
 + Level 5.1 Fighting
 + Level 4.0 Axes
 + Level 5.0 Armour
 + Level 6.1 Shields


You had 6 spell levels left.
You didn't know any spells.
Your spell library contained the following spells:

 Spells                   Type           Power      Damage    Failure   Level
 Sandblast                Erth           0%         2d4       100%        1
 Passwall                 Tmut/Erth      0%         N/A       100%        2
 Ozocubu's Armour         Ice            0%         N/A       100%        3
 Stone Arrow              Conj/Erth      0%         3d7       100%        3
 Brom's Barrelling Bould  Conj/Erth      0%         2d3       100%        4
 Arcjolt                  Conj/Air       0%         1d10      100%        5
 Plasma Beam              Fire/Air       0%         2x1d10    100%        6
 Ozocubu's Refrigeration  Ice            0%         4d7       100%        7
 Vhi's Electric Charge    Tloc/Air       Unusable   N/A       N/A         4

Dungeon Overview and Level Annotations

Branches:
Dungeon (4/15)
 Temple: D:4-7

Altars:


Innate Abilities, Weirdness & Mutations

You cannot be hasted, slowed, berserked, paralysed or teleported.
You can dig through walls and to a lower floor.
You have a pair of large antennae on your head. (SInv)
Your four strong arms can wield two-handed weapons with a shield.


Message History

You hit the jelly but do no damage.
Your hands burn!
The orc priest hits you from afar with a +0 spear.
The jelly hits you but does no damage.
You hit the jelly. The acid corrodes you!
Your hands burn!
The jelly is lightly wounded.
The orc priest calls down the wrath of Beogh upon you.
Beogh smites you! The jelly barely misses you.
Okay, then.
Unknown command.
You feel very mighty all of a sudden.
The orc priest begins to cast a cantrip, but forgets the words!
The jelly hits you but does no damage.
You slash the jelly!
Your hands burn!
The jelly is almost dead.
The jelly hits you but does no damage. The orc priest barely misses you.
The jelly barely misses you.
You slice the jelly!!
You kill the jelly!
The orc priest hits you but does no damage.
Your Armour skill increases to level 5!
The orc priest barely misses you.
There is an open door here.
You slash the orc priest!
The orc priest is severely wounded.
The orc priest mumbles some strange prayers to Beogh against you.
You struggle to resist.
You hit the orc priest.
The orc priest is almost dead.
The orc priest looks encouraged for a moment.
The orc priest calls down the wrath of Beogh upon you.
Beogh smites you!
You barely miss the orc.
The orc priest calls down the wrath of Beogh upon you.
Beogh smites you!
* * * LOW HITPOINT WARNING * * *
The orc priest hits you but does no damage.
You block the orc's attack.
The orc priest mumbles some strange prayers to Beogh against you.
Beogh smites you!
You die...

............>...............#####
...........##.##.................
...........##.##.#####.....###...
............#....#.......... +...
.####.......##.........#######..g
......)#....##.........# #....
.....).#....##.oo....... +....
.......+.....###o#.....# #....
#......# {###@#...... #....
#...)..# #.......... .....
#......# ##.....#.... ......
#......# #...)...# .. #......##
#..)....#. . ........#
#..†........
........#####..........?
........................
#.#..##.#..##.#..##.#...


You could see 2 orc priests and an orc.

Vanquished Creatures
  Sigmund (D:2)
  A scorpion (D:4)
  A hound (D:4)
  A jelly (D:4)
  Crazy Yiuf (D:4)
  Terence (D:3)
  Robin (D:2)
  4 gnolls (D:4)
  4 worms
  2 dart slugs (D:1)
  3 orcs (D:4)
  7 ball pythons
  5 endoplasms
  A giant cockroach (D:3)
  15 goblins
  6 hobgoblins
  A quokka (D:3)
  2 bats
  3 frilled lizards
  6 kobolds
  5 rats
71 creatures vanquished.

Notes
Turn   | Place    | Note
-------+----------+-------------------------------------------
     0 | D:1      | Querens the Formicid Fighter began the quest for the Orb.
     0 | D:1      | Reached XP level 1. HP: 18/18 MP: 1/1
   129 | D:1      | Reached XP level 2. HP: 24/24 MP: 2/2
   582 | D:2      | Noticed Robin
   585 | D:2      | Reached XP level 3. HP: 29/29 MP: 3/3
   912 | D:2      | Killed Robin
   913 | D:2      | Reached XP level 4. HP: 31/37 MP: 4/4
  1134 | D:2      | Noticed Sigmund
  1142 | D:2      | Killed Sigmund
  1143 | D:2      | Reached skill level 5 in Shields
  1143 | D:2      | Reached XP level 5. HP: 19/43 MP: 5/5
  1143 | D:2      | Reached XP level 6. HP: 22/49 MP: 6/6
  1348 | D:3      | Found a faded altar of an unknown god.
  1406 | D:3      | Noticed Terence
  1417 | D:3      | Killed Terence
  1637 | D:3      | Found a runed translucent door.
  1638 | D:3      | Noticed Crazy Yiuf
  1759 | D:4      | Killed Crazy Yiuf
  1865 | D:4      | Reached XP level 7. HP: 26/55 MP: 7/7
  2025 | D:4      | Reached skill level 5 in Fighting
  2029 | D:4      | Reached skill level 6 in Shields
  2047 | D:4      | Reached skill level 5 in Armour
  2050 | D:4      | Killed from afar by an orc priest

Illustrated notes

Levels and vault maps discovered:
D:1:      dpeg_arrival_erosion, layout_loops_ring
D:2:      layout_loops_ring, uniq_robin, uniq_sigmund
D:3:      kennysheep_big_flooded_room, layout_rooms,
          ebering_ecumenical_altar_petrified, uniq_crazy_yiuf_cottage,
          uniq_terence
D:4:      layout_basic, nicolae_eternal_life

Skill      XL: |  1  2  3  4  5  6  7 |
---------------+----------------------+-----
Fighting       | 4 5 |  5.1
Axes           | 3 4 |  4.0
Armour         | 4 5 |  5.0
Shields        | 5 6 |  6.1

Action                     |  1- 3 |  4- 6 |  7- 9 || total
---------------------------+-------+-------+-------++-------
  Melee: War axe           |    86 |    80 |    33 ||   199
  Evoke: Wand              |       |       |     1 ||     1
    Use: Potion            |       |       |     1 ||     1
 Armour: Scale mail        |     3 |       |       ||     3
         Plate armour      |    83 |    67 |    35 ||   185
         Skin              |       |     1 |       ||     1
  Dodge: Dodged            |    19 |    29 |    11 ||    59
  Block: Buckler           |    28 |    16 |     8 ||    52

Table legend: (Time is in decaauts)
 A = Elapsed time spent in this place.
 B = Non-inter-level travel time spent in this place.
 C = Inter-level travel time spent in this place.
 D = Time resting spent in this place.
 E = Time spent auto-exploring this place.
 F = Levels seen in this place.
 G = Mean time per level.
                   A        B        C        D        E       F      G
               +--------+--------+--------+--------+--------+-----+--------+
         Total |   2126 |   1921 |    205 |      3 |      0 |   4 |  531.5 |
       Dungeon |   2126 |   1921 |    205 |      3 |      0 |   4 |  531.5 |
               +--------+--------+--------+--------+--------+-----+--------+

Top non-repeatable levels by time:
     D:2: 672 daAuts
     D:1: 630 daAuts
     D:3: 535 daAuts
     D:4: 288 daAuts
